 Dungeon Crawl Stone Soup version 0.27-a0-887-gcab673c142 (webtiles) character file.

Game seed: 4026308840723354740

419 funkygono the Magician (level 6, -1/40 HPs)
             Began as a Djinni Fire Elementalist on Apr 3, 2021.
             Killed by Freeze
             ... generated by an endoplasm
              (2 damage)
             ... on level 3 of the Dungeon.
             The game lasted 00:13:37 (5456 turns).

funkygono the Magician (Djinni Fire Elementalist)   Turns: 5456, Time: 00:13:38

Health: -1/40      AC:  4    Str: 13    XL:     6   Next: 93%
Gold:   188        EV: 12    Int: 19    God:
                   SH:  0    Dex: 13

rFire    + . .     SeeInvis .   d - +0 dagger
rCold    . . .     Faith    .   (no shield)
rNeg     . . .     Spirit   .   o - +1 robe {Will+}
rPois    ∞         Reflect  .   j - +0 helmet
rElec    .         Harm     .   (no cloak)
rCorr    .         Rampage  .   (no gloves)
Will     +....                  (boots unavailable)
Stlth    ++........             (no amulet)
HPRegen  0.13/turn              f - +6 ring of strength
MPRegen  0.00/turn              n - ring of ice

@: flying, very slightly contaminated, invisible
A: fire resistance 2, cold vulnerability 1, float, innate caster, hp casting,
extra vitality 1
a: no special abilities


You were on level 3 of the Dungeon.
You visited 2 branches of the dungeon, and saw 5 of its levels.

You collected 188 gold pieces.

Inventory:

Hand Weapons
 b - a +0 whip
 d - a +0 dagger (weapon)
Missiles
 h - 5 curare-tipped darts
 k - 2 atropa-tipped darts
Armour
 j - a +0 helmet (worn)
 o - a +1 robe of willpower (worn)
Jewellery
 a - a +6 ring of dexterity
 f - a +6 ring of strength (left hand)
 n - a ring of ice (right hand)
Wands
 q - a wand of flame (10)
Scrolls
 p - a scroll of identify
Potions
 c - a potion of mutation
 g - 2 potions of brilliance
 i - a potion of heal wounds {unknown}
 l - 4 potions of lignification
 m - 2 potions of might
 r - a potion of haste {unknown}


   Skills:
 + Level 0.1 Fighting
 + Level 2.4 Dodging
 - Level 1.5 Stealth
 * Level 6.3 Spellcasting


You couldn't memorise any spells.
You knew the following spells:

 Your Spells              Type           Power      Damage    Failure   Level
a - Foxfire               Conj/Fire      100%       2x1d9     1%          1
b - Conjure Flame         Conj/Fire      30%        6-21      2%          3
c - Inner Flame           Hex/Fire       30%        N/A       2%          3
d - Sticky Flame          Conj/Fire      30%        2d5       8%          4
e - Fireball              Conj/Fire      15%        3d8       22%         5
f - Pain                  Necr           100%       1d9       1%          1
g - Wereblood             Tmut           30%        N/A       1%          2
Your spell library was empty.

Dungeon Overview and Level Annotations

Branches:
Dungeon (4/15)             Temple (1/1) D:4

Altars:
Dithmenos
Elyvilon
Fedhas
Gozag
Nemelex Xobeh
Okawaru
Qazlal
Vehumet
Wu Jian
Xom
Yredelemnul
Zin
The Shining One

Annotations:
D:2 Edmund
D:4 Pikel


Innate Abilities, Weirdness & Mutations

You are immune to poison.
Your flesh is very heat resistant. (rF++)
You are vulnerable to cold. (rC-)
You float through the air rather than walking.
You learn spells naturally, not from books.
Your magical power is your life essence.
You have superior vitality. (+4 HP)


Message History

HP restored.
Done exploring.
There is a stone staircase leading down here.
You fly downwards.
Level annotation: Pikel The lemure hits you.
The endoplasm freezes you.
You are frozen.
The lemure misses you.
There is a stone staircase leading up here.
The endoplasm freezes you.
You are frozen.
The lemure barely misses you. The lemure hits you.
You fly upwards.
There is a stone staircase leading down here.
Unknown command.
You miss the lemure.
The endoplasm hits you but does no damage.
The lemure hits you. x2
You hit the lemure but do no damage. The endoplasm closely misses you.
The lemure hits you. The lemure barely misses you.
You barely miss the lemure. The endoplasm hits you.
The lemure barely misses you. The lemure hits you!
* * * LOW HITPOINT WARNING * * *
Casting: Wereblood (safe; 1% risk of failure)
Confirm with . or Enter, or press ? or * to list all spells.
Okay, then.
Casting: Wereblood (safe; 1% risk of failure)
Confirm with . or Enter, or press ? or * to list all spells.
Okay, then.
It was a potion of invisibility.
You fade into invisibility!
The endoplasm hits you.
* * * LOW HITPOINT WARNING * * *
The lemure barely misses you. The lemure closely misses you.
You are very lightly contaminated with residual magic.
You hit the lemure but do no damage. The endoplasm misses you.
The lemure misses you. The lemure hits you.
* * * LOW HITPOINT WARNING * * *
You hit the lemure but do no damage. The endoplasm freezes you.
You die...

#..#..### #.#
##...## #.# ##.###
#.# .<.# #.# ####
#.# #.# #.#
##########5#
########.......5@J#
.......<.##########
##########


You could see 2 lemures and an endoplasm.

Vanquished Creatures
  Sigmund (D:4)
  Natasha (thrice) (D:3)
  An iguana (D:4)
  Robin (D:2)
  4 adders
  An ufetubus (D:3)
  An adder skeleton (D:4)
  3 dart slugs
  An orc (D:4)
  12 endoplasms
  2 giant cockroaches
  17 goblins
  7 hobgoblins
  8 jackals
  7 kobolds
  3 quokkas
  3 ball pythons
  7 bats
  4 frilled lizards
  A rat (D:3)
87 creatures vanquished.

Vanquished Creatures (others)
  A hobgoblin (D:2)
  238 foxfires
239 creatures vanquished.

Grand Total: 326 creatures vanquished

Notes
Turn   | Place    | Note
-------+----------+-------------------------------------------
     0 | D:1      | funkygono the Djinni Fire Elementalist began the quest for
                  | the Orb.
     0 | D:1      | Reached XP level 1. HP: 15/15 MP: 0/0
    29 | D:1      | Reached skill level 3 in Spellcasting
    30 | D:1      | Reached XP level 2. HP: 4/21 MP: 0/0
   767 | D:1      | Reached XP level 3. HP: 23/25 MP: 0/0
   767 | D:1      | Learned a level 1 spell: Pain
  1020 | D:1      | Found a faded altar of an unknown god.
  1600 | D:2      | Reached skill level 4 in Spellcasting
  1657 | D:2      | Reached XP level 4. HP: 30/31 MP: 0/0
  1860 | D:2      | Noticed Robin
  1874 | D:2      | Killed Robin
  2381 | D:3      | Noticed Natasha
  2384 | D:3      | Killed Natasha
  2385 | D:3      | Reached XP level 5. HP: 26/35 MP: 0/0
  2385 | D:3      | Learned a level 2 spell: Wereblood
  3052 | D:3      | Noticed Natasha
  3056 | D:3      | Killed Natasha
  3057 | D:3      | Reached skill level 5 in Spellcasting
  3859 | D:3      | Noticed Natasha
  3864 | D:3      | Killed Natasha
  3907 | D:4      | Noticed Edmund
  4450 | D:4      | Noticed Sigmund
  4456 | D:4      | Killed Sigmund
  4457 | D:4      | Reached skill level 6 in Spellcasting
  4457 | D:4      | Reached XP level 6. HP: 27/40 MP: 0/0
  4604 | D:4      | Found a staircase to the Ecumenical Temple.
  4688 | Temple   | Entered the Ecumenical Temple
  5247 | D:4      | Noticed Pikel
  5252 | D:4      | Found a sparkling altar of Nemelex Xobeh.
  5455 | D:3      | HP: 1/40 [lemure[Pikel] (3)]
  5456 | D:3      | Killed from afar by an endoplasm

Illustrated notes

Levels and vault maps discovered:
D:1:      giann_horns, layout_rooms, shapermc_ecumenical_altar_totnotflames,
          grunt_decor_cap
D:2:      layout_rooms, lemuel_old_faithful, uniq_robin
D:3:      layout_loops_ring, minmay_puff, uniq_natasha
D:4:      layout_rooms, old_standard_altar, minmay_temple_entry_crystal_x,
          minmay_lizard_king, uniq_sigmund, uniq_edmund, uniq_pikel
Temple:   chequers_temple_sunken

Skill      XL: |  1  2  3  4  5 |
---------------+----------------+-----
Spellcasting   | 3 4 6 |  6.3
Fighting       | |  0.1
Dodging        | |  2.4
Stealth        | |  1.5

Action                   |  1- 3 |  4- 6 || total
-------------------------+-------+-------++-------
Melee: Dagger            |       |     6 ||     6
 Cast: Foxfire           |    56 |    88 ||   144
       Pain              |     5 |    25 ||    30
       Wereblood         |       |     1 ||     1
  Use: Scroll            |     2 |     5 ||     7
       Potion            |       |     1 ||     1
 Stab: Sleeping          |       |     1 ||     1
Armor: Robe              |     1 |    10 ||    11
Dodge: Dodged            |     5 |    34 ||    39

Table legend: (Time is in decaauts)
 A = Elapsed time spent in this place.
 B = Non-inter-level travel time spent in this place.
 C = Inter-level travel time spent in this place.
 D = Time resting spent in this place.
 E = Time spent auto-exploring this place.
 F = Levels seen in this place.
 G = Mean time per level.
                   A        B        C        D        E       F      G
               +--------+--------+--------+--------+--------+-----+--------+
         Total |   5457 |   5416 |     41 |    312 |   3951 |   5 | 1091.4 |
       Dungeon |   4913 |   4878 |     35 |    312 |   3467 |   4 | 1228.2 |
        Temple |    544 |    538 |      6 |      0 |    484 |   1 |  544.0 |
               +--------+--------+--------+--------+--------+-----+--------+

Top non-repeatable levels by time:
     D:3: 2057 daAuts
     D:1: 1560 daAuts
     D:2: 961 daAuts
  Temple: 544 daAuts
     D:4: 333 daAuts
